Map: Croisement de Kairos EC

Players

Uzikoti - Winner!

  • Race: Terran Terran
  • League: Grandmaster
  • Spawn Location: 11:00

Mamba

  • Race: Zerg Zerg
  • League: Grandmaster
  • Spawn Location: 5:00

VOD

Have the link to the VOD?

Description

El famoso uzikotkot build

Time

  • Played on: April 20, 2019, 3:18 p.m.
  • Length: 8:53
Show
View Real Time Build Order
Export as new Build Order

Uzikoti Terran - Winner!

Build Orders:  

Get SALT Encoding   

  12  0:00  SCV  
  13  0:13  SCV  
  14  0:17  Supply Depot  
  14  0:25  SCV  
  15  0:39  SCV  
  15  0:40  Barracks  
  16  0:44  Refinery  
  16  0:51  SCV  
  17  1:03  SCV  
  18  1:15  SCV  
  19  1:27  Orbital Command, Barracks Reactor  
  19  1:38  Command Center  
  19  1:46  Supply Depot  
  19  1:53  SCV  
  20  2:02  Marine  
  20  2:03  Marine  
  20  2:05  SCV  
  23  2:09  Factory  
  23  2:17  SCV  
  23  2:19  Refinery  
  23  2:20  Marine  
  23  2:21  Marine  
  26  2:29  SCV  
  27  2:32  Ghost Academy  
  27  2:41  SCV  
  28  2:44  Barracks Tech Lab  
  28  2:50  Orbital Command  
  28  2:53  SCV  
  29  3:02  Ghost  
  29  3:05  Hellion, SCV  
  33  3:10  Hellion  
  36  3:16  SCV  
  36  3:17  Supply Depot  
  36  3:18  SCV  
  38  3:28  Hellion  
  38  3:30  Ghost, SCV  
  38  3:32  SCV  
  44  3:40  Supply Depot  
  44  3:42  SCV  
  44  3:46  Hellion, SCV  
  48  3:54  SCV  
  49  3:58  SCV  
  49  3:59  Ghost  
  49  4:01  Hellion, Refinery  
  54  4:05  Supply Depot  
  54  4:07  SCV  
  55  4:10  SCV  
  55  4:13  Starport  
  56  4:19  SCV  
  56  4:20  Hellion  
  56  4:23  SCV  
  60  4:28  Supply Depot  
  60  4:31  SCV  
  61  4:35  SCV  
  62  4:49  SCV  
  62  4:51  Ghost  
  69  4:53  Hellion x2, Starport Reactor  
  69  4:58  SCV  
  70  5:03  SCV  
  69  5:10  SCV  
  69  5:13  Refinery  
  72  5:14  Hellion  
  72  5:15  SCV  
  72  5:20  Ghost  
  75  5:22  SCV  
  75  5:25  Liberator  
  75  5:27  Command Center  
  76  5:29  SCV  
  76  5:34  SCV  
  78  5:39  Supply Depot  
  78  5:41  Supply Depot  
  78  5:42  Medivac  
  83  5:48  SCV x2  
  85  5:57  Liberator  
  85  6:00  SCV  
  86  6:04  Ghost  
  86  6:05  Hellion x2  
  86  6:09  Factory  
  92  6:17  SCV x2  
  97  6:29  SCV x2  
  97  6:30  Supply Depot  
  97  6:31  Supply Depot  
  99  6:37  Starport  
  99  6:38  Armory  
  99  6:41  SCV  
  99  6:42  SCV  
  99  6:46  Orbital Command  
  101  6:51  Ghost  
  103  6:55  Supply Depot  
  103  6:56  SCV  
  103  6:57  SCV  
  103  6:59  Liberator  
  103  7:00  Liberator  
  105  7:02  Factory Tech Lab  
  105  7:09  Refinery  
  105  7:12  Refinery  
  105  7:14  Hellion x2  
  108  7:16  Starport Tech Lab  
  108  7:20  SCV x2  
  108  7:22  Liberator  
  116  7:23  Supply Depot  
  103  7:38  Ghost  
  103  7:39  Hellion x3  
  111  8:10  Ghost  
  111  8:12  Hellion x3  
  119  8:16  SCV x3  
  119  8:18  Command Center  
  125  8:28  SCV  
  125  8:30  Fusion Core  
  126  8:36  SCV x2  
  134  8:41  Command Center  
Show
View Real Time Build Order
Export as new Build Order

Mamba Zerg 

Build Orders: Hatch First 

Get SALT Encoding   

  12  0:01  Drone  
  13  0:13  Overlord  
  13  0:17  Drone  
  14  0:31  Drone x2  
  16  0:48  Hatchery  
  15  0:52  Drone  
  15  0:55  Drone  
  17  1:01  Drone  
  18  1:09  Extractor  
  17  1:15  Spawning Pool  
  17  1:17  Drone  
  17  1:21  Drone  
  18  1:31  Drone  
  19  1:41  Drone  
  20  1:50  Drone  
  21  2:03  Queen x2, Zergling x2  
  21  2:04  Zergling x2  
  27  2:14  Hatchery  
  26  2:19  Overlord  
  26  2:25  Drone  
  26  2:26  Drone  
  28  2:34  Metabolic Boost  
  28  2:38  Drone x2  
  28  2:43  Queen  
  32  2:48  Overlord  
  32  2:51  Drone  
  32  2:54  Drone  
  32  2:55  Drone  
  35  3:02  Drone  
  36  3:09  Overlord  
  36  3:11  Drone  
  36  3:12  Drone  
  38  3:13  Zergling x4  
  38  3:18  Drone x3  
  43  3:20  Drone  
  43  3:26  Queen  
  44  3:30  Queen  
  44  3:34  Drone  
  49  3:36  Zergling x2  
  49  3:37  Zergling x2  
  51  3:44  Drone x4  
  55  3:49  Drone x2  
  55  3:51  Overlord  
  57  3:56  Overlord  
  57  4:01  Lair  
  57  4:04  Baneling Nest  
  55  4:10  Drone x5  
  60  4:19  Drone x6  
  66  4:26  Extractor  
  66  4:27  Extractor  
  66  4:29  Zergling x6  
  66  4:30  Spine Crawler  
  66  4:32  Queen  
  62  4:38  Zergling x2  
  62  4:39  Zergling x8  
  63  4:46  Zergling x2  
  63  4:47  Zergling x10  
  56  5:00  Baneling x4  
  56  5:02  Overlord  
  56  5:03  Overlord  
  53  5:10  Overlord x2  
  50  5:17  Overseer  
  50  5:20  Queen x3  
  50  5:21  Overlord  
  56  5:23  Zergling x2  
  57  5:28  Zergling x2  
  57  5:29  Zergling x8  
  57  5:32  Zergling x4  
  64  5:38  Zergling x2  
  65  5:43  Zergling x10  
  70  5:50  Zergling x4  
  70  5:56  Baneling x7  
  72  6:03  Baneling x3  
  72  6:08  Drone x4  
  72  6:11  Centrifical Hooks  
  75  6:14  Drone x5  
  79  6:21  Drone  
  80  6:27  Evolution Chamber  
  80  6:28  Roach Warren  
  80  6:29  Drone  
  80  6:30  Evolution Chamber  
  77  6:33  Extractor  
  77  6:34  Extractor  
  77  6:40  Drone x6  
  81  6:49  Overlord x3  
  81  6:53  Overlord  
  81  6:54  Overlord  
  81  6:55  Zerg Missile Weapons Level 1  
  81  6:56  Zerg Melee Weapons Level 1  
  81  7:09  Drone x9  
  90  7:18  Glial Reconstitution  
  90  7:20  Roach  
  90  7:21  Roach x4  
  99  7:24  Roach  
  99  7:26  Overlord  
  101  7:35  Roach x5  
  93  7:40  Roach  
  93  7:45  Zergling x8  
  93  7:46  Ravager  
  93  7:47  Ravager x5  
  100  7:58  Hatchery  
  99  7:59  Zergling x4  
  101  8:06  Zergling x8  
  85  8:13  Drone  
  85  8:14  Zergling x2  
  85  8:15  Zergling x2  
  87  8:28  Ravager x4  
  87  8:29  Ravager x2  
  93  8:34  Hatchery  
  93  8:35  Drone  
Tags
 
Add a new tag
Caveats
  • Supply blocks, unpowered buildings, or Contaminate may cause inaccurate times.
  • Supply counts are checked every 10 seconds.